 Dungeon Crawl Stone Soup version 0.31.0-9-g3a7656b989 (webtiles) character file.

Game seed: 3585858122587858184

455 qw the Skirmisher (level 6, -1/30 (35) HPs)
             Began as a Deep Elf Hunter on Feb 2, 2024.
             Slain by an elf zombie (6 damage)
             ... in an ossuary.
             The game lasted 00:00:13 (3004 turns).

qw the Skirmisher (Deep Elf Hunter)                 Turns: 3004, Time: 00:00:13

HP:   -1/30 (35)    AC:  7    Str: 10    XL:     6   Next: 76%
MP:   8/8           EV: 11    Int: 14    God:
Gold: 248           SH:  0    Dex: 18    Spells: 5/5 levels left

rFire   . . .        a - +0 shortbow
rCold   . . .        (shield currently unavailable)
rNeg    . . .        h - +0 ring mail
rPois   .            (no helmet)
rElec   .            (no cloak)
rCorr   +            (no gloves)
SInv    .            m - +1 pair of boots
Will    .....        (no amulet)
Stlth   +            n - ring of resist corrosion
HPRegen 0.25/turn    (no ring)
MPRegen 0.11/turn

%: no passive effects
@: heavily drained
A: no striking features
a: no special abilities


You were in an ossuary.
You visited 1 branch of the dungeon, and saw 4 of its levels.
You also visited: Ossuary.

You collected 248 gold pieces.


   Skills:
 - Level 2.2 Fighting
 - Level 10.0 Ranged Weapons
 + Level 0.3 Armour
 - Level 3.3 Dodging
 - Level 1.2 Stealth


You had 5 spell levels left.
You didn't know any spells.
Your spell library was empty.

Inventory:

Hand Weapons
 a - a +0 shortbow (weapon)
Armour
 h - a +0 ring mail (worn)
 m - a +1 pair of boots (worn)
Jewellery
 n - a ring of resist corrosion (left hand)
Wands
 b - a wand of quicksilver (4)
Potions
 g - a potion of cancellation
 i - a potion of curing
 k - a potion of experience {unknown}

Dungeon Overview and Level Annotations

Branches:
Dungeon (4/15)            Ossuary (1/1)
 Temple: D:4-7

Altars:
Fedhas
Hepliaklqana
Kikubaaqudgha
Zin

Shops:
D:1 =

Annotations:
D:3 3 runed translucent doors, qw's ghost, amateur GrHu


Message History

The human zombie hits you. The elf zombie hits you.
You shoot an arrow.
The arrow closely misses the elf zombie.
You shoot an arrow. The arrow hits the elf zombie!
The elf zombie is moderately damaged.
The human zombie hits you. The elf zombie hits you.
You shoot an arrow.
The arrow closely misses the elf zombie.
The human zombie barely misses you.
A human zombie comes into view.
The elf zombie hits you but does no damage.
You shoot an arrow. The arrow barely misses the elf zombie.
The human zombie closely misses you.
The elf zombie hits you but does no damage.
A kobold zombie comes into view.
You shoot an arrow. The arrow hits the elf zombie!
The elf zombie is heavily damaged.
The human zombie barely misses you. The elf zombie misses you.
You shoot an arrow.
The arrow hits the elf zombie but does no damage.
The elf zombie is heavily damaged.
You shoot an arrow. The arrow hits the elf zombie.
The elf zombie is heavily damaged.
The human zombie hits you. The elf zombie hits you.
You shoot an arrow. The arrow hits the elf zombie!
The elf zombie is heavily damaged.
The human zombie hits you but does no damage.
The elf zombie hits you.
You shoot an arrow. The arrow barely misses the elf zombie.
The human zombie hits you. The elf zombie completely misses you.
You shoot an arrow.
The arrow closely misses the elf zombie.
The human zombie hits you. The elf zombie barely misses you.
You shoot an arrow.
The arrow closely misses the elf zombie.
The human zombie hits you.
You shoot an arrow. The arrow hits the elf zombie!
The elf zombie is severely damaged.
The elf zombie hits you.
You die...

#.##.....#
#..'.....#
##.'#....#
#.^##...#
##..##..#
##..##.#
'########''''#
.......'.....#
..8..Z.@.....#
......ZZ######
......#Z.
##########


You could see a kobold zombie, an elf zombie and 2 human zombies.

Vanquished Creatures
  2 hounds (D:4)
  A jelly (D:4)
  2 orc priests (D:3)
  A spectral scorpion (Ossuary)
  Terence (D:2)
  An orc wizard (D:3)
  3 spectral hounds (Ossuary)
  A hound zombie (D:4)
  5 adders
  3 spectral adders (Ossuary)
  An adder zombie (D:4)
  3 spectral gnolls (Ossuary)
  3 dart slugs
  A ribbon worm (D:4)
  19 orcs
  5 ball pythons
  5 endoplasms
  4 goblins
  5 hobgoblins
  3 frilled lizards (D:3)
  4 gnoll zombies (Ossuary)
  3 kobolds
  5 kobold zombies (Ossuary)
  3 orc zombies (Ossuary)
  3 rats
  A spectral jackal (Ossuary)
88 creatures vanquished.

Notes
Turn   | Place    | Note
-------+----------+-------------------------------------------
     0 | D:1      | qw the Deep Elf Hunter began the quest for the Orb.
     0 | D:1      | Reached XP level 1. HP: 12/12 MP: 3/3
     0 | D:1      | 0 ||| qw: Version: 0.3-a-155-g5e7d8dd
     0 | D:1      | 0 ||| qw: Game counter: 1291
     0 | D:1      | 0 ||| qw: Melee chars always use a shield: true
     0 | D:1      | 0 ||| qw: God list: Okawaru
     0 | D:1      | 0 ||| qw: Allow faded altars: false
     0 | D:1      | 0 ||| qw: Do Orc after clearing Dungeon:15 true
     0 | D:1      | 0 ||| qw: Do second Lair branch before Depths: true
     0 | D:1      | 0 ||| qw: Lair rune preference: random
     0 | D:1      | 0 ||| qw: Goals: Normal
     0 | D:1      | 0 ||| PLANNING D:1-11
   266 | D:1      | Found a faded altar of an unknown god.
   341 | D:1      | Reached skill level 6 in Ranged Weapons
   341 | D:1      | Reached XP level 2. HP: 16/16 MP: 4/4
   509 | D:1      | Found Reddyep's Jewellery Shoppe.
   524 | D:1      | 524 ||| SHOPLISTING amulet of faith (520 gold, have 48).
   524 | D:1      | 524 ||| SHOPLISTING amulet of reflection (390 gold, have
                  | 48).
   524 | D:1      | 524 ||| SHOPLISTING amulet of regeneration (390 gold, have
                  | 48).
   524 | D:1      | 524 ||| SHOPLISTING ring "Ofaig" {rPois Str+2 Int+6} (668
                  | gold, have 48).
   524 | D:1      | 524 ||| SHOPLISTING ring of fire (325 gold, have 48).
   524 | D:1      | 524 ||| SHOPLISTING ring of resist corrosion (260 gold,
                  | have 48).
   524 | D:1      | 524 ||| SHOPLISTING ring of see invisible (195 gold, have
                  | 48).
   636 | D:1      | 636 ||| READING scroll labelled TEOPEH UTEESU.
   636 | D:1      | 636 ||| IDENTIFYING glowing black potion
   637 | D:1      | 637 ||| DROPPING scroll of butterflies.
   747 | D:2      | Noticed Terence
   755 | D:2      | HP: 3/16 [Terence/+0 flail (7)]
   756 | D:2      | HP: 1/16 [Terence/+0 flail (3)]
   761 | D:2      | Killed Terence
   762 | D:2      | Reached skill level 7 in Ranged Weapons
   762 | D:2      | Reached XP level 3. HP: 3/20 MP: 5/5
   978 | D:2      | 978 ||| UPGRADING to +0 scale mail.
   988 | D:2      | 988 ||| DROPPING +0 leather armour.
   989 | D:2      | 989 ||| UPGRADING to +0 ring mail.
   999 | D:2      | 999 ||| DROPPING +0 scale mail.
  1000 | D:2      | 1000 ||| READING scroll labelled VOASIS XITUSCH.
  1268 | D:3      | Reached XP level 4. HP: 20/25 MP: 6/6
  1455 | D:3      | Reached skill level 8 in Ranged Weapons
  1455 | D:3      | 1455 ||| FLEEEEING.
  1458 | D:3      | 1458 ||| FLEEEEING.
  1459 | D:3      | 1459 ||| FLEEEEING.
  1464 | D:3      | Reached XP level 5. HP: 13/29 MP: 7/7
  1465 | D:3      | 1465 ||| FLEEEEING.
  1466 | D:3      | 1466 ||| FLEEEEING.
  1467 | D:3      | 1467 ||| FLEEEEING.
  1468 | D:3      | 1468 ||| FLEEEEING.
  1469 | D:3      | 1469 ||| FLEEEEING.
  1470 | D:3      | 1470 ||| FLEEEEING.
  1471 | D:3      | 1471 ||| FLEEEEING.
  1472 | D:3      | 1472 ||| FLEEEEING.
  1474 | D:3      | 1474 ||| FLEEEEING.
  1475 | D:3      | 1475 ||| FLEEEEING.
  1476 | D:3      | 1476 ||| FLEEEEING.
  1477 | D:3      | 1477 ||| FLEEEEING.
  1479 | D:3      | 1479 ||| FLEEEEING.
  1480 | D:3      | 1480 ||| FLEEEEING.
  1481 | D:3      | 1481 ||| FLEEEEING.
  1482 | D:3      | 1482 ||| FLEEEEING.
  1483 | D:3      | 1483 ||| FLEEEEING.
  1488 | D:3      | HP: 4/29 [orc/+0 hand axe (5)]
  1750 | D:3      | Reached skill level 9 in Ranged Weapons
  1997 | D:3      | Found a runed translucent gate.
  1997 | D:3      | Found a runed translucent gate.
  1997 | D:3      | Found a runed translucent gate.
  2003 | D:3      | Noticed qw's ghost (amateur GrHu)
  2200 | D:3      | 2200 ||| UPGRADING to +1 pair of boots.
  2205 | D:3      | 2205 ||| UPGRADING to ring of resist corrosion.
  2206 | D:3      | 2206 ||| READING scroll of identify.
  2206 | D:3      | 2206 ||| IDENTIFYING black potion
  2207 | D:3      | 2207 ||| READING scroll labelled DYUHAQ LES.
  2246 | D:3      | 2246 ||| READING 2 scrolls labelled XIUBAX BYACKO.
  2247 | D:3      | 2247 ||| DRINKING 2 fuming clear potions.
  2248 | D:3      | 2248 ||| DROPPING potion of ambrosia.
  2249 | D:3      | 2249 ||| DROPPING scroll of summoning.
  2294 | D:4      | Found a blossoming altar of Fedhas.
  2295 | D:4      | 2295 ||| PLANNING OSSUARY
  2350 | D:4      | 2350 ||| READING scroll of identify.
  2350 | D:4      | 2350 ||| IDENTIFYING murky amethyst potion
  2351 | D:4      | 2351 ||| READING scroll labelled YTOZUCS CUHEJ.
  2352 | D:4      | 2352 ||| DROPPING potion of berserk rage.
  2426 | D:4      | Found a hazy altar of Hepliaklqana.
  2463 | D:4      | Reached XP level 6. HP: 30/35 MP: 8/8
  2549 | D:4      | Found an ancient bone altar of Kikubaaqudgha.
  2551 | D:4      | Found a glowing silver altar of Zin.
  2750 | D:4      | Found a sand-covered staircase.
  2772 | D:4      | 2772 ||| READING scroll of identify.
  2772 | D:4      | 2772 ||| IDENTIFYING smoky red potion
  2773 | D:4      | 2773 ||| DRINKING 2 fizzy emerald potions.
  2774 | D:4      | 2774 ||| DROPPING potion of brilliance.
  2781 | Ossuary  | Entered an ossuary
  2831 | Ossuary  | 2831 ||| RETREEEEATING.
  2836 | Ossuary  | 2836 ||| DRINKING potion of haste.
  2849 | Ossuary  | Reached skill level 10 in Ranged Weapons
  2873 | Ossuary  | Reached skill level 3 in Dodging
  3002 | Ossuary  | HP: 7/30 [human zombie (2)]
  3004 | Ossuary  | Slain by an elf zombie

Levels and vault maps discovered:
D:1:      kilobyte_arrival_exit_the_forest, layout_basic, serial_shops,
          nicolae_shop_crystal, chequers_ecumenical_altar_simple, minivault_26
D:2:      layout_basic, hangedman_glass_teeth, uniq_terence
D:3:      layout_basic, gammafunk_ghost_necromancy, hangedman_decor_push
D:4:      layout_loops_ring, lemuel_round_altar, nicolae_overflow_crystal_walls,
          nicolae_overflow_squiral, nicolae_wu_jian_immortal_techniques,
          mainiacjoe_ossuary_entry_find_the_door, minmay_misc_feat_five,
          wad_orctagon
Ossuary:  ossuary_zaba_two_paths

Skill      XL: |  1  2  3  4  5  6 |
---------------+-------------------+-----
Ranged Weapons | 6 7 8 9 10 | 10.0
Fighting       | 2 |  2.2
Dodging        | 3 |  3.3
Armour         | |  0.3
Stealth        | |  1.2

Action                     |  1- 3 |  4- 6 || total
---------------------------+-------+-------++-------
   Fire: Shortbow          |    68 |   272 ||   340
    Use: Scroll            |     2 |     6 ||     8
         Potion            |       |     3 ||     3
 Armour: Leather armour    |     3 |       ||     3
         Ring mail         |     1 |   134 ||   135
  Dodge: Dodged            |    13 |   106 ||   119

Table legend:
 A = Non-vault XP
 B = Vault XP
 C = Vault XP percentage of total XP
 D = Non-vault monster count
 E = Vault monster count
 F = Vault count percentage of total count
                 A         B        C        D         E       F
            +---------+---------+-------+---------+---------+-------
      Total |     412 |     239 |  36.7 |      58 |      30 |  34.1
            +---------+---------+-------+---------+---------+-------
        D:1 |      19 |       0 |   0.0 |      10 |       0 |   0.0
        D:2 |      13 |      36 |  73.5 |       8 |       1 |  11.1
        D:3 |     221 |       0 |   0.0 |      32 |       0 |   0.0
        D:4 |     159 |      40 |  20.1 |       8 |       6 |  42.9
    Ossuary |       0 |     163 | 100.0 |       0 |      23 | 100.0
            +---------+---------+-------+---------+---------+-------
